 Dungeon Crawl Stone Soup version 0.28-a0-1404-g4df0f3684d (webtiles) character file.

Game seed: 2336427470936674465

1154 fragbeetle the Cudgeller (level 8, -5/76 HPs)
             Began as a Troll Berserker on Jan 6, 2022.
             Was a Priest of Trog.
             Engulfed by a steam dragon's steam (8 damage)
             ... on level 6 of the Dungeon.
             The game lasted 00:11:17 (4116 turns).

fragbeetle the Cudgeller (Troll Berserker)          Turns: 4116, Time: 00:11:17

Health: -5/76      AC:  5    Str: 26    XL:     8   Next: 16%
Magic:  7/7        EV: 10    Int:  5    God:    Trog [***...]
Gold:   74         SH:  5    Dex:  9    Spells: 7/7 levels left

rFire   . . .      SeeInvis .   x - +0 giant club
rCold   . . .      Faith    .   (shield currently unavailable)
rNeg    . . .      Spirit   .   b - +0 animal skin
rPois   .          Reflect  +   (helmet restricted)
rElec   .          Harm     .   B - +0 cloak
rCorr   .          Rampage  .   (gloves unavailable)
Will    ++...                   (boots unavailable)
Stlth   +.........              t - amulet of reflection
HPRegen 2.02/turn               (no ring)
MPRegen 0.10/turn               (no ring)

@: strong-willed, regenerating
A: large, unfitting armour, claws 3, regeneration 1, shaggy fur 1, tough skin 1
a: Renounce Religion, Berserk, Trog's Hand


You were on level 6 of the Dungeon.
You worshipped Trog.
Trog was most pleased with you.
You visited 2 branches of the dungeon, and saw 7 of its levels.

You collected 152 gold pieces.
You spent 78 gold pieces at shops.

Inventory:

Hand Weapons
 a - a +0 mace
 x - a +0 giant club (weapon)
Missiles
 d - 70 stones
 i - 3 boomerangs (quivered)
Armour
 b - a +0 animal skin (worn)
 B - a +0 cloak (worn)
Jewellery
 t - an amulet of reflection (around neck)
Wands
 k - a wand of flame (8)
Scrolls
 c - a scroll of blinking {unknown}
 e - a scroll of summoning {unknown}
 g - 2 scrolls of magic mapping
 j - a scroll of amnesia {unknown}
 l - a scroll of enchant weapon {unknown}
 m - 3 scrolls of teleportation
 o - 2 scrolls of enchant armour {unknown}
 q - a scroll of brand weapon {unknown}
 r - a scroll of fear {unknown}
 s - a scroll of silence {unknown}
 u - 2 scrolls of vulnerability {unknown}
 A - 2 scrolls of fog {unknown}
Potions
 f - 2 potions of flight
 n - a potion of invisibility {unknown}
 p - a potion of curing {unknown}
 z - a potion of degeneration {unknown}
 C - a potion of heal wounds {unknown}
 D - a potion of magic {unknown}


   Skills:
 - Level 3.6 Fighting
 * Level 6.6 Maces & Flails
 + Level 3.6 Throwing
 + Level 4.5 Dodging


You had 7 spell levels left.
You didn't know any spells.
Your spell library was empty.

Dungeon Overview and Level Annotations

Branches:
Dungeon (6/15)             Temple (1/1) D:6

Altars:
Makhleb

Shops:
D:5 ?*


Innate Abilities, Weirdness & Mutations

You are too large for most types of armour.
You have claws for hands.
Your natural rate of healing is unusually fast.
You are covered in fur. (AC +1)
You have tough skin. (AC +1)


Message History

The boomerang hits the steam dragon but does no damage.
The steam dragon is lightly wounded.
The steam dragon breathes steam at you. The ball of steam misses you.
You sock the steam dragon!
The steam dragon is severely wounded.
You are engulfed in a cloud of scalding steam.
The steam dragon breathes steam at you. The ball of steam hits you!!
You barely miss the steam dragon.
The steam dragon is severely wounded.
You are engulfed in a cloud of scalding steam.
You block the steam dragon's attack. The steam dragon claws you.
The steam dragon barely misses you. The steam dragon claws you.
You barely miss the steam dragon.
The steam dragon is severely wounded.
You are engulfed in a cloud of scalding steam.
The steam dragon breathes steam at you.
The ball of steam hits you but does no damage.
You closely miss the steam dragon.
The steam dragon is severely wounded.
You are engulfed in a cloud of scalding steam.
The steam dragon barely misses you. The steam dragon claws you.
You barely miss the steam dragon.
The steam dragon is severely wounded.
You are engulfed in a cloud of scalding steam.
* * * LOW HITPOINT WARNING * * *
You block the steam dragon's attack. The steam dragon claws you.
* * * LOW HITPOINT WARNING * * *
You block the steam dragon's attack.
The steam dragon claws you but does no damage.
You hit the steam dragon.
The steam dragon is severely wounded.
The steam dragon breathes steam at you. The ball of steam hits you!
* * * LOW HITPOINT WARNING * * *
Your skin crawls.
You feel strong-willed.
You are engulfed in a cloud of scalding steam.
You die...

.# .# .# .# . .### ..D ....
.....######## #.###
#..D@§§§# <(..###
######.#.### .###...#####.#
#.#...####. .#
#.........####..........
.###.##.#)#................
.....#....##..........####.
..⌠.##...###...............
....##...###..>.........##.
.###.................#..#


You could see a steam dragon (catching breath).

Vanquished Creatures
  Sigmund (D:2)
  2 black bears
  An ogre (D:4)
  A bullfrog (D:4)
  A scorpion (D:4)
  A centaur zombie (D:5)
  2 bullfrog zombies (D:5)
  3 hounds
  An orc priest (D:5)
  A bullfrog skeleton (D:3)
  4 iguanas
  An orc wizard (D:5)
  A hound zombie (D:5)
  Robin (D:2)
  2 howler monkey skeletons (D:5)
  4 adders
  7 gnolls
  A white imp (D:5)
  An adder skeleton (D:4)
  A dart slug (D:1)
  5 orcs
  3 bats
  6 endoplasms
  3 giant cockroaches
  17 goblins
  9 hobgoblins
  6 kobolds
  5 quokkas
  6 ball pythons
  2 frilled lizards
  A quokka skeleton (D:4)
  5 rats
105 creatures vanquished.

Notes
Turn   | Place    | Note
-------+----------+-------------------------------------------
     0 | D:1      | fragbeetle the Troll Berserker began the quest for the Orb.
     0 | D:1      | Reached XP level 1. HP: 22/22 MP: 0/0
   176 | D:1      | Reached skill level 3 in Maces & Flails
   176 | D:1      | Reached XP level 2. HP: 27/29 MP: 1/1
   477 | D:1      | Reached XP level 3. HP: 35/36 MP: 2/2
   834 | D:2      | Noticed Sigmund
   844 | D:2      | Killed Sigmund
   845 | D:2      | Reached skill level 4 in Maces & Flails
   845 | D:2      | Reached skill level 1 in Throwing
   845 | D:2      | Reached XP level 4. HP: 45/45 MP: 3/3
   845 | D:2      | Reached XP level 5. HP: 53/53 MP: 4/4
   959 | D:2      | Noticed Robin
   981 | D:2      | Reached ** piety under Trog
  1003 | D:2      | Killed Robin
  1988 | D:3      | Reached XP level 6. HP: 34/61 MP: 5/5
  2788 | D:4      | HP: 1/91 [gnoll (9)]
  2873 | D:4      | Reached skill level 5 in Maces & Flails
  2997 | D:4      | Reached XP level 7. HP: 50/67 MP: 6/6
  3387 | D:5      | Entered Level 5 of the Dungeon
  3506 | D:5      | Reached *** piety under Trog
  3507 | D:5      | Reached skill level 6 in Maces & Flails
  3520 | D:5      | Found Haabbast's Overcharged Wands.
  3594 | D:5      | Reached XP level 8. HP: 76/76 MP: 7/7
  3796 | D:5      | Found Vaowot's Magic Scroll Shoppe.
  3805 | D:5      | Bought a scroll of identify for 26 gold pieces
  3805 | D:5      | Bought a scroll of noise for 13 gold pieces
  3805 | D:5      | Bought a scroll of teleportation for 39 gold pieces
  3965 | D:6      | Found a staircase to the Ecumenical Temple.
  3972 | Temple   | Entered the Ecumenical Temple
  4115 | D:6      | HP: 3/76 [steam dragon/ball of steam (7)]
  4116 | D:6      | Engulfed by a steam dragon's steam

Illustrated notes

Levels and vault maps discovered:
D:1:      amcnicky_arrival_gap_in_the_tavern_cellar, layout_loops_ring,
          serial_bayou, serial_bayou_shore_a, serial_bayou_ford_a,
          serial_bayou_pond_b, serial_bayou_lake_a, serial_bayou_crossing,
          serial_bayou_pond_b, minmay_tetromino_o2
D:2:      layout_basic, chequers_serial_rivers_large_a, uniq_sigmund, uniq_robin
D:3:      layout_basic
D:4:      layout_gridville
D:5:      layout_basic, serial_corexii_hall, chequers_hall_statues_corner_a,
          corexii_hall_statues_u, serial_shops, kennysheep_little_box,
          nicolae_shop_overcharged_wands
D:6:      kennysheep_steamy, layout_rooms, mainiacjoe_overflow_boulevard,
          minmay_temple_entry_junction, lightli_corner_chamber
Temple:   regret_index_temple_sigil_plot

Skill      XL: |  1  2  3  4  5  6  7 |
---------------+----------------------+-----
Maces & Flails | 3 4 5 6 |  6.6
Fighting       | 3 |  3.6
Throwing       | 1 2 3 |  3.6
Dodging        | 3 4 |  4.5

Action                   |  1- 3 |  4- 6 |  7- 9 || total
-------------------------+-------+-------+-------++-------
Melee: Mace              |    69 |   135 |       ||   204
       Punch             |     2 |     2 |       ||     4
       Flail             |       |    41 |    19 ||    60
       Giant club        |       |       |    92 ||    92
Throw: Boomerang         |     4 |     8 |    10 ||    22
Invok: Berserk           |     1 |     2 |     1 ||     4
       Trog's Hand       |       |     1 |     1 ||     2
  Use: Scroll            |       |       |     3 ||     3
 Stab: Sleeping          |       |     1 |       ||     1
Armor: Animal skin       |    19 |    53 |    25 ||    97
Dodge: Dodged            |    38 |    93 |    54 ||   185
Block: Other             |       |    10 |    29 ||    39

Table legend: (Time is in decaauts)
 A = Elapsed time spent in this place.
 B = Non-inter-level travel time spent in this place.
 C = Inter-level travel time spent in this place.
 D = Time resting spent in this place.
 E = Time spent auto-exploring this place.
 F = Levels seen in this place.
 G = Mean time per level.
                   A        B        C        D        E       F      G
               +--------+--------+--------+--------+--------+-----+--------+
         Total |   4316 |   4157 |    159 |    108 |   2708 |   7 |  616.6 |
       Dungeon |   4302 |   4143 |    159 |    108 |   2708 |   6 |  717.0 |
        Temple |     13 |     13 |      0 |      0 |      0 |   1 |   13.0 |
               +--------+--------+--------+--------+--------+-----+--------+

Top non-repeatable levels by time:
     D:2: 1124 daAuts
     D:1: 889 daAuts
     D:3: 832 daAuts
     D:4: 717 daAuts
     D:5: 597 daAuts
     D:6: 141 daAuts
  Temple: 13 daAuts
